cohdb
Replays
Latest Replays
All Replays
Popular Replays
Top Player Replays
Match Explorer
How It Works
Community
CoH3 Stats
Reddit
Sign in to upload your games and track your stats! →
Sign in with Steam
Match 38863042
Unlisted
Match 38863042
Overview
Messages
Build Orders
End
Pioneer Squad
Construct Infanterie Kompanie
Grenadier Squad
Grenadier Squad
Grenadier Squad
MG 42 Machine Gun Team
Construct Luftwaffe Kompanie
Selects Breakthrough Battlegroup
Selects Rapid Production
221 Scout Car
Jäger Squad
Jäger Squad
Luftwaffe Officer Quarters
Selects Blitzkrieg
Support Elements
REGULATOR
Quetzalcoatl
0
0
Comments
sign in to comment!
No comments posted yet!